 Dungeon Crawl Stone Soup version 0.28.0-43-g3370ac3207 (webtiles) character file.

Game seed: 17048936774285101369

91 Sheol the Skirmisher (level 4, -1/41 HPs)
             Began as a Hill Orc Fighter on Mar 21, 2022.
             Succumbed to an orc wizard's poison
             ... on level 2 of the Dungeon.
             The game lasted 00:09:22 (2357 turns).

Sheol the Skirmisher (Hill Orc Fighter)             Turns: 2357, Time: 00:09:23

Health: -1/41      AC:  7    Str: 20    XL:     4   Next: 59%
Magic:  4/4        EV:  9    Int:  8    God:
Gold:   122        SH:  5    Dex: 16    Spells: 3/3 levels left

rFire   . . .      SeeInvis .   a - +0 war axe
rCold   . . .      Faith    .   c - +0 buckler
rNeg    . . .      Spirit   .   b - +0 scale mail
rPois   .          Reflect  .   (no helmet)
rElec   .          Harm     .   (no cloak)
rCorr   .          Rampage  .   (no gloves)
Will    .....                   (no boots)
Stlth   ..........              h - amulet of regeneration
HPRegen 0.93/turn               p - +6 ring of dexterity
MPRegen 0.09/turn               (no ring)

@: lethally poisoned (-1 -> -12)
A: no striking features
a: no special abilities


You were on level 2 of the Dungeon.
You visited 1 branch of the dungeon, and saw 3 of its levels.

You collected 122 gold pieces.

Inventory:

Hand Weapons
 a - a +0 war axe (weapon)
Missiles
 k - 31 stones (quivered)
Armour
 b - a +0 scale mail (worn)
 c - a +0 buckler (worn)
Jewellery
 h - an amulet of regeneration (around neck)
 p - a +6 ring of dexterity (left hand)
Wands
 l - a wand of flame (19)
Scrolls
 f - 2 scrolls of immolation {unknown}
 g - 2 scrolls of fog {unknown}
 j - a scroll of identify {unknown}
Potions
 d - a potion of might
 e - a potion of degeneration {unknown}
 i - a potion of berserk rage {unknown}
 m - a potion of curing {unknown}
 n - 2 potions of mutation {unknown}
 o - 2 potions of attraction {unknown}


   Skills:
 * Level 4.5 Fighting
 + Level 3.7 Axes
 + Level 0.5 Throwing
 + Level 3.9 Armour
 + Level 3.9 Shields


You had 3 spell levels left.
You didn't know any spells.
Your spell library was empty.

Dungeon Overview and Level Annotations

Branches:
Dungeon (3/15)

Altars:
Vehumet

Shops:
D:2 =


Message History

You closely miss something.
You feel sick.
The orc shouts! x2; The orc wizard shouts!
Something hits you.
You are more poisoned.
Something hits you.
You are more poisoned.
You miss something.
You feel very sick. Something hits you.
You are more poisoned.
You closely miss something.
You feel extremely sick.
You hear some strange, mumbled words.
A puff of flame appears from out of thin air!
The puff of flame misses you. You block the orc's attack.
You feel very sick.
You feel very sick.
You feel very sick.
You feel sick.
You feel sick.
There is a stone staircase leading up here.
You feel sick. Something hits you but does no damage.
You are more poisoned.
You climb upwards.
Reactivating autopickup.
You feel very sick.
There is a stone staircase leading down here.
Deactivating autopickup; reactivate with Ctrl-A.
You barely miss something.
You feel sick. Something hits you but does no damage.
You are more poisoned.
Something hits you but does no damage.
You are lethally poisoned!
You barely miss something.
* * * LOW HITPOINT WARNING * * *
You feel extremely sick.
You hear some strange, mumbled words.
A magic dart appears from out of thin air!
The magic dart hits you but does no damage.
You hit something.
You die...

#.###.#############.≈
#..................PP
#####.#############.P
#..............#.≈
#..#######.....PP≈
#...............≈≈
#..#######.....P≈♣
#..#######..##PP♣P
#@...........P.♣≈P
##{#######..#.P≈≈P
#.#######..PP≈≈.P
#.#........PP♣≈P.
#.#.####...≈P≈PP.
#.#<.).#..≈PP≈PP<
#.#.##.#...≈≈≈P##
#.#....#..≈PP≈...
#.######.........


There were no monsters in sight!

Vanquished Creatures
  A gnoll (D:1)
  2 adders (D:2)
  A worm (D:2)
  A dart slug (D:1)
  9 bats
  4 endoplasms
  2 giant cockroaches
  8 goblins
  4 hobgoblins
  3 jackals (D:1)
  5 kobolds
  4 quokkas
  3 ball pythons
  A frilled lizard (D:1)
  6 rats
54 creatures vanquished.

Notes
Turn   | Place    | Note
-------+----------+-------------------------------------------
     0 | D:1      | Sheol the Hill Orc Fighter began the quest for the Orb.
     0 | D:1      | Reached XP level 1. HP: 19/19 MP: 1/1
    82 | D:1      | Reached XP level 2. HP: 25/27 MP: 2/2
   134 | D:1      | Reached skill level 4 in Fighting
   582 | D:1      | Reached XP level 3. HP: 32/33 MP: 3/3
   627 | D:1      | Found a faded altar of an unknown god.
  1321 | D:2      | Reached XP level 4. HP: 41/41 MP: 4/4
  1322 | D:2      | Found Biankit's Jewellery Emporium.
  1702 | D:2      | Found a radiant altar of Vehumet.
  2357 | D:2      | Succumbed to an orc wizard's poison

Illustrated notes

Levels and vault maps discovered:
D:1:      sevenhm_arrival_forest_fort_small_4, layout_basic,
          ebering_ecumenical_altar_hall
D:2:      layout_basic, serial_shops, nicolae_square_shop, basic_altar,
          roderic_serpentine_path, serial_bayou_lagoon_a, minmay_liquid_box,
          hangedman_decor_growths
D:3:      layout_basic, grunt_temple_overflow_champion_of_chaos

Skill      XL: |  1  2 |
---------------+-------+-----
Axes           | 3 |  3.7
Fighting       | 4 |  4.5
Throwing       | |  0.5
Armour         | |  3.9
Shields        | |  3.9

Action                   |  1- 3 |  4- 6 || total
-------------------------+-------+-------++-------
Melee: War axe           |   110 |    53 ||   163
Throw: Stone             |       |     1 ||     1
Armor: Scale mail        |    54 |    21 ||    75
Dodge: Dodged            |    58 |    25 ||    83
Block: Buckler           |    21 |     8 ||    29
